 Dungeon Crawl Stone Soup version 0.30-a0-568-g124715a40b (webtiles) character file.

Game seed: 10961235636691991161

81919 Newt the Skirmisher (level 15, -14/103 HPs)
             Began as a Demonspawn Gladiator on Dec 28, 2022.
             Was the Champion of Hepliaklqana.
             Demolished by a snapping turtle (18 damage)
             ... on level 3 of the Shoals.
             The game lasted 00:43:01 (22312 turns).

Newt the Skirmisher (Demonspawn Gladiator)         Turns: 22312, Time: 00:43:02

Health: -14/103    AC: 19    Str: 19    XL:     15   Next: 28%
Magic:  25/25      EV: 13    Int: 15    God:    Hepliaklqana [******]
Gold:   1542       SH:  0    Dex: 19    Spells: 22/28 levels left

rFire   + + +      SeeInvis +    t - +10 longbow of Wounding {freeze, *Slow rF+++ Will+ Int+4}
rCold   . . .      Faith    .    (shield currently unavailable)
rNeg    . . .      Spirit   .    O - +3 troll leather armour
rPois   .          Reflect  .    (helmet unavailable)
rElec   .          Harm     .    Z - +1 cloak {rF+}
rCorr   .          Rampage  .    L - +1 pair of gloves {hurl}
Will    +++..                    w - +0 pair of boots
Stlth   +                        k - amulet of the Several Quests {RegenMP Contam +Blink Dex+3}
HPRegen 1.17/turn                G - +5 ring of evasion
MPRegen 0.59/turn                K - ring of willpower

@: sanguine armoured, held, studying Axes, very slow
A: reduced essence, antennae 3, demonic guardian 2, sanguine armour 1, demonic
magic 2, bedeviling
a: Renounce Religion, Evoke Blink, Recall Ancestor, Ancestor Identity,
Transference, Idealise


You were on level 3 of the Shoals.
You worshipped Hepliaklqana.
Hepliaklqana was exalted by your worship.
You visited 3 branches of the dungeon, and saw 20 of its levels.
You also visited: Sewer and Volcano.

You collected 2546 gold pieces.
You spent 1004 gold pieces at shops.

Inventory:

Hand Weapons
 t - the +10 longbow of Wounding (weapon) {freeze, *Slow rF+++ Will+ Int+4}
   (You found it on level 7 of the Dungeon)

   Any ammunition fired from it freezes those it strikes, dealing additional
   cold damage.
   It can also slow down cold-blooded creatures.
   Int:       It affects your intelligence (+4).
   rF:        It renders you almost immune to fire.
   *Slow:     It may slow you when you take damage.
   Will:      It increases your willpower.
 P - a +4 falchion of electrocution
 X - a +0 great sword of flaming
Missiles
 d - 3 throwing nets
 e - 5 javelins
 i - 79 poisoned darts
 A - 15 boomerangs
 I - 4 silver javelins
Armour
 w - a +0 pair of boots (worn)
 y - a +1 chain mail of cold resistance
 H - a +0 buckler of positive energy
 L - a +1 pair of gloves of hurling (worn)
 O - a +3 troll leather armour (worn)
 U - a +4 plate armour of fire resistance
 Z - a +1 cloak of fire resistance (worn)
Jewellery
 k - the amulet of the Several Quests (around neck) {RegenMP Contam +Blink Dex+3}
   (You found it on level 10 of the Dungeon)

   [amulet of magic regeneration]

   It increases your rate of magic regeneration.
   Dex:       It affects your dexterity (+3).
   +Blink:    It lets you blink.
   Contam:    It causes magical contamination when unequipped.
 m - a +5 ring of evasion
 o - a +5 ring of evasion
 E - a +5 ring of evasion
 G - a +5 ring of evasion (left hand)
 K - a ring of willpower (right hand)
 M - a +4 ring of protection
 Q - a ring of ice
Wands
 h - a wand of paralysis (5)
 l - a wand of light (13)
 x - a wand of iceblast (8)
 F - a wand of flame (34)
 S - a wand of digging (9)
 T - a wand of mindburst (18)
 V - a wand of polymorph (11)
Scrolls
 b - 5 scrolls of identify
 c - a scroll of amnesia
 f - 15 scrolls of teleportation
 r - a scroll of magic mapping
 v - 2 scrolls of blinking
 J - 5 scrolls of fog
 R - 3 scrolls of enchant weapon
Potions
 a - 6 potions of ambrosia
 g - 5 potions of magic
 j - 7 potions of curing
 n - 4 potions of heal wounds
 p - 4 potions of flight
 q - 2 potions of mutation
 s - 2 potions of cancellation
 u - 2 potions of berserk rage
 z - 7 potions of attraction
 B - 2 potions of lignification
 C - 2 potions of resistance
 D - a potion of invisibility
 N - 2 potions of brilliance
 W - 6 potions of haste
 Y - 3 potions of might


   Skills:
 - Level 10.0 Fighting
 - Level 6.0(7.5) Short Blades
 - Level 6.9(8.0) Long Blades
 - Level 14.0 Ranged Weapons
 - Level 1.7 Throwing
 - Level 6.0 Armour
 - Level 7.7 Dodging
 - Level 3.0 Stealth
 - Level 7.1 Spellcasting
 - Level 7.8 Hexes
 + Level 11.5 Evocations


You had 22 spell levels left.
You knew the following spells:

 Your Spells              Type           Power      Damage    Failure   Level
a - Slow                  Hex            100%       N/A       1%          1
b - Ensorcelled Hibernat  Hex/Ice        50%        N/A       4%          2
c - Portal Projectile     Hex/Tloc       50%        N/A       9%          3

Your spell library contained the following spells:

 Spells                   Type           Power      Damage    Failure   Level
 Confusing Touch          Hex            43%        N/A       1%          3
 Summon Guardian Golem    Hex/Summ       25%        N/A       9%          3
 Apportation              Tloc           10%        N/A       16%         1
 Beastly Appendage        Tmut           10%        N/A       16%         1
 Kiss of Death            Conj/Necr      20%        2d7       16%         1
 Sandblast                Erth           10%        2d5       16%         1
 Summon Small Mammal      Summ           20%        N/A       16%         1
 Blink                    Tloc           10%        N/A       22%         2
 Passwall                 Tmut/Erth      4%         N/A       22%         2
 Wereblood                Tmut           5%         N/A       22%         2
 Anguish                  Hex/Necr       12%        N/A       30%         4
 Leda's Liquefaction      Hex/Erth       12%        N/A       30%         4
 Call Canine Familiar     Summ           5%         N/A       41%         3
 Spider Form              Tmut/Pois      5%         N/A       41%         3
 Stone Arrow              Conj/Erth      10%        3d7       41%         3
 Vampiric Draining        Necr           5%         2d6       41%         3
 Summon Mana Viper        Hex/Summ       25%        N/A       63%         5
 Dispel Undead            Necr           5%         3d7       83%         4
 Alistair's Intoxication  Tmut/Pois      3%         N/A       99%         5
 Summon Forest            Summ/Tloc      2%         N/A       99%         5
 Death Channel            Necr           2%         N/A       100%        6
 Summon Cactus Giant      Summ           2%         N/A       100%        6


Dungeon Overview and Level Annotations

Branches:
Dungeon (12/15)            Temple (0/1) D:5            Lair (5/5) D:10
 Shoals (3/4) Lair:2       Spider (0/4) Lair:2        Slime (0/5) Lair:5
    Orc (0/2) D:11          Sewer (visited)         Volcano (visited)

Altars:
Cheibriados
Hepliaklqana
Kikubaaqudgha
Qazlal
Vehumet
Xom
Lugonu

Shops:
D:3 [   D:4 ?*   D:9 *

Portals:
Abyss: Shoals:2

Annotations:
D:7 2 runed translucent doors
Lair:5 1 runed translucent door
Shoals:2 1 runed translucent door


Innate Abilities, Weirdness & Mutations

Your life essence is reduced to manifest your ancestor. (-10% HP)
You have a pair of large antennae on your head. (SInv)
A demonic guardian rushes to your aid.
When seriously injured, your blood forms armour. (AC +6)
Spells you cast may paralyse nearby enemies.
Your hexes are more powerful.


Message History

The air twists around and strikes you! The faun closely misses you.
The merfolk throws a throwing net.
The throwing net hits you.
You become entangled in the net!
Unknown command.
You struggle against the net.
The harpy claws you but does no damage. x2
The snapping turtle bites you from afar!
The water nymph's watery aura covers the stone staircase leading up.
Splash!
You fall into the shallow water.
Moving in this stuff is going to be slow.
The harpy claws you but does no damage. The harpy misses you.
The faun hits you with a +0 quarterstaff!!
A demonic guardian appears!
Your blood congeals into armour.
The sea snake bites your orange demon!
Your orange demon looks as sick as possible!
The sea snake poisons your orange demon!
Unknown command.
Unknown command.
You feel much better.
Your blood armour dries and flakes away.
The harpy completely misses you.
The harpy claws you but does no damage. x2
The harpy claws you. The harpy claws your orange demon! x2
The harpy claws you!
Your blood congeals into armour.
The harpy misses you.
The snapping turtle bites you from afar!
The water nymph touches you. The water nymph drowns you!
The faun hits you with a +0 quarterstaff.
The sea snake barely misses your orange demon.
Your orange demon stings the harpy from afar.
You tear a large gash into the net.
The snapping turtle bites you from afar!
* * * LOW HITPOINT WARNING * * *
The merfolk hits you from afar with a +0 trident!
* * * LOW HITPOINT WARNING * * *
The water nymph touches you. The water nymph drowns you!
* * * LOW HITPOINT WARNING * * *
The harpy claws you!
* * * LOW HITPOINT WARNING * * *
The harpy misses you.
The snapping turtle bites you from afar!!
You die...

#.##.....##..
#....<......[~~
...............~~
)..~~....#.....~~~~~~
..~~~~~.##?...~~~~~~~
~~~~~~~HS#.....~~≈~~.
.~~~~.tt4..t....≈≈≈≈≈
........CcHm.~~~~≈≈≈≈
.......HH@mtm~..~~~~.
##########.k..~~~~.
#.<~...≈≈~ ##....~..~
##..≈≈~.≈ #.≈≈.≈≈
.~~..≈ t≈≈≈~≈ ≈≈≈≈≈


You could see 2 alligator snapping turtles, a sea snake, 2 snapping turtles, a
wind drake (repels missiles), 2 merfolk, a faun, a manticore, a cyclops, a water
nymph, 3 harpies and a friendly orange demon (summoned, extremely poisoned).

Vanquished Creatures
  Nessos (Lair:3)
  A merfolk impaler (Shoals:2)
  Fannar (D:11)
  2 hydras
  2 two-headed ogres
  A merfolk aquamancer (Shoals:1)
  The ghost of drugrobin the Martial Artist, a novice DgDe (D:10)
  A boulder beetle (D:11)
  4 death yaks
  4 sea snakes
  7 spriggans (Lair:5)
  A fire crab (Volcano)
  A lindwurm (Volcano)
  6 harpies
  2 ugly things
  5 fauns
  8 elephants
  6 cyclopes
  4 manticores
  A black mamba (Lair:4)
  6 merfolk sirens
  A water nymph (Shoals:2)
  4 rime drakes
  4 cane toads
  A kobold demonologist (D:9)
  2 unseen horror zombies (D:9)
  6 komodo dragons
  4 polar bears (Lair:5)
  8 merfolk
  A meliai (Lair:2)
  2 wind drakes
  2 trolls
  6 hornets
  A spectral meliai (D:10)
  5 blink frogs
  3 dream sheep
  3 snapping turtles (Shoals:1)
  3 centaur simulacra (D:10)
  3 shadows
  2 water elementals
  6 fire bats (Volcano)
  2 basilisks
  A fire elemental (Lair:3)
  28 yaks
  2 wyverns
  2 steam dragons
  9 water moccasins
  A hell hound (Volcano)
  3 orc warriors
  A meliai simulacrum (D:10)
  An ice beast (D:7)
  A sky beast (D:7)
  An elephant zombie (Lair:4)
  An ogre (D:6)
  4 black bears
  22 wolves
  4 boggarts (Lair:5)
  6 centaurs
  4 kobold brigands
  A scorpion (D:6)
  9 bullfrogs
  A necrophage (D:7)
  3 gnoll sergeants
  2 wights (D:9)
  25 killer bees
  5 howler monkeys
  11 electric eels
  8 lava snakes (Volcano)
  6 orc priests
  A basilisk zombie (Lair:4)
  A centaur zombie (D:9)
  2 hounds
  A jelly (Sewer)
  Jessica (D:3)
  3 iguanas
  7 orc wizards
  A howler monkey zombie (D:9)
  12 gnolls
  12 adders
  2 river rats (Sewer)
  A shadow imp (D:7)
  A white imp (D:6)
  An ufetubus (D:6)
  A worm (Sewer)
  20 orcs
  15 endoplasms
  4 giant cockroaches
  7 goblins
  6 hobgoblins
  4 jackals
  A quokka (D:4)
  4 ball pythons
  6 bats
  7 frilled lizards
  23 kobolds
  10 rats
  A spectral kobold (D:1)
451 creatures vanquished.

Vanquished Creatures (collateral kills)
  Kirke (Lair:3)
  A merfolk impaler (Shoals:1)
  A hydra (Lair:5)
  Erica (D:8)
  3 death yaks
  3 sea snakes
  8 harpies
  A necromancer (Lair:4)
  A deep elf pyromancer (D:7)
  3 fauns (Shoals:2)
  A black mamba (Lair:2)
  2 apocalypse crabs (Shoals:2)
  4 elephants
  A water nymph (Shoals:3)
  5 cane toads
  An unseen horror zombie (D:9)
  3 komodo dragons
  A rime drake (Lair:5)
  A kobold demonologist (D:9)
  A queen bee (Lair:1)
  3 merfolk
  A wind drake (Shoals:2)
  A hornet (Lair:5)
  A slime creature (D:7)
  4 blink frogs
  3 dream sheep
  A snapping turtle (Shoals:1)
  A centaur simulacrum (D:10)
  A shadow (D:7)
  6 spriggans (Lair:5)
  A wraith (D:10)
  2 water elementals (Shoals:1)
  2 basilisks
  A hog (Lair:3)
  4 fire bats (Volcano)
  8 yaks
  A steam dragon (D:8)
  5 water moccasins
  3 black bears (Lair:5)
  An elephant zombie (Lair:4)
  2 ice beasts
  An ogre (D:4)
  4 wolves
  3 bullfrogs
  A gnoll sergeant (D:9)
  6 wights
  12 killer bees
  A howler monkey (D:9)
  An electric eel (Lair:4)
  2 hounds
  2 jellies
  A basilisk zombie (Lair:4)
  5 orc priests
  An iguana (D:7)
  3 orc wizards
  A killer bee zombie (D:9)
  A howler monkey zombie (D:9)
  2 adders
  8 gnolls (D:9)
  13 orcs
  4 endoplasms (Sewer)
  7 kobolds
174 creatures vanquished.

Vanquished Creatures (others)
  A two-headed ogre (D:10)
  16 battlemagi
  39 fungi
  47 plants
  11 withered plants (D:9)
114 creatures vanquished.

Grand Total: 739 creatures vanquished

Notes
Turn   | Place    | Note
-------+----------+-------------------------------------------
     0 | D:1      | Newt the Demonspawn Gladiator began the quest for the Orb.
     0 | D:1      | Reached XP level 1. HP: 16/16 MP: 1/1
    42 | D:1      | Reached skill level 1 in Stealth
   192 | D:1      | Gained mutation: You have a pair of small antennae on your
                  | head. [demonic ancestry]
   192 | D:1      | Reached XP level 2. HP: 22/22 MP: 2/2
   253 | D:1      | Found a faded altar of an unknown god.
   725 | D:2      | Gained mutation: When seriously injured, your blood forms
                  | armour. (AC +6) [demonic ancestry]
   725 | D:2      | Reached XP level 3. HP: 19/27 MP: 3/3
  1130 | D:2      | Gained mutation: A weak demonic guardian rushes to your
                  | aid. [demonic ancestry]
  1130 | D:2      | Reached XP level 4. HP: 29/34 MP: 4/4
  1545 | D:3      | Found Dauhob's Antique Armour Shoppe.
  1970 | D:3      | Noticed Jessica
  1978 | D:3      | Killed Jessica
  2266 | D:4      | Noticed an ogre
  2266 | D:4      | Found Xarchurim's Assorted Antiques.
  2271 | D:4      | Killed an ogre
  2272 | D:4      | Gained mutation: Spells you cast may paralyse adjacent
                  | enemies. [demonic ancestry]
  2272 | D:4      | Reached XP level 5. HP: 22/43 MP: 5/5
  2377 | D:4      | Bought a scroll labelled BIQAFRUJUYSM for 28 gold pieces
  2517 | D:4      | Reached skill level 5 in Fighting
  2517 | D:4      | Reached skill level 1 in Armour
  2614 | D:4      | Reached XP level 6. HP: 24/51 MP: 6/6
  2783 | D:4      | Found a glowing drain.
  2810 | Sewer    | Entered a sewer
  3140 | Sewer    | Found a shimmering altar of Xom.
  3340 | D:4      | Found a hazy altar of Hepliaklqana.
  3366 | D:4      | Found Ypauramp's Magic Scroll Emporium.
  3375 | D:4      | Bought a scroll of identify for 24 gold pieces
  3388 | D:4      | Became a worshipper of Hepliaklqana the Forgotten
  3393 | D:4      | Found a snail-covered altar of Cheibriados.
  3927 | D:5      | Entered Level 5 of the Dungeon
  4591 | D:5      | Reached XP level 7. HP: 54/56 MP: 7/7
  4682 | D:5      | Reached * piety under Hepliaklqana
  4692 | D:5      | Found a staircase to the Ecumenical Temple.
  5686 | D:6      | Found an ancient bone altar of Kikubaaqudgha.
  6520 | D:7      | Found a stormy altar of Qazlal.
  6520 | D:7      | Found a radiant altar of Vehumet.
  6520 | D:7      | Reached ** piety under Hepliaklqana
  6520 | D:7      | Found a shimmering altar of Xom.
  6521 | D:7      | Remembered your ancestor Tiberius as a battlemage
  6530 | D:7      | Reached XP level 8. HP: 42/55 MP: 8/8
  6532 | D:7      | Reached skill level 5 in Dodging
  6971 | D:7      | Reached skill level 5 in Armour
  7196 | D:7      | Noticed a red ugly thing
  7197 | D:7      | Found a large runed translucent door.
  7197 | D:7      | Found a large runed translucent door.
  7201 | D:7      | Found a large runed translucent door.
  7201 | D:7      | Found a large runed translucent door.
  7203 | D:7      | Noticed a slime creature
  7316 | D:7      | Noticed a deep elf pyromancer
  7321 | D:7      | Killed a deep elf pyromancer
  7322 | D:7      | Reached XP level 9. HP: 46/61 MP: 9/9
  7439 | D:7      | Reached skill level 1 in Evocations
  8021 | D:7      | Killed a red ugly thing
  8022 | D:7      | Reached skill level 5 in Evocations
  8022 | D:7      | Reached skill level 2 in Ranged Weapons
  8025 | D:7      | Reached skill level 3 in Ranged Weapons
  8028 | D:7      | Identified the +10 longbow of Wounding {freeze, *Slow rF+++
                  | Will+ Int+4}
  8062 | D:8      | Noticed Erica
  8068 | D:8      | Killed Erica
  8069 | D:8      | Reached skill level 5 in Ranged Weapons
  8069 | D:8      | Reached skill level 1 in Long Blades
  8069 | D:8      | Gained mutation: You have a pair of antennae on your head.
                  | [demonic ancestry]
  8069 | D:8      | Reached XP level 10. HP: 31/66 MP: 10/10
  9045 | D:8      | Noticed a two-headed ogre
  9050 | D:8      | Killed a two-headed ogre
  9075 | D:8      | Reached skill level 5 in Long Blades
  9748 | D:9      | Reached *** piety under Hepliaklqana
  9839 | D:9      | Reached skill level 6 in Ranged Weapons
  9977 | D:9      | Found Mub Oton's Assorted Antiques.
  9988 | D:9      | Bought a pair of runed gloves for 255 gold pieces
  9988 | D:9      | Bought a transparent ivory ring for 170 gold pieces
  9988 | D:9      | Identified the ring "Puqoguthi" {rPois Will+ Str+6 Slay-5
                  | Stlth+} (You bought it in a shop on level 9 of the Dungeon)
  9988 | D:9      | Bought a scroll of identify for 68 gold pieces
 10134 | D:9      | Noticed a soul eater
 10139 | D:9      | Noticed a rust devil
 10141 | D:9      | Noticed a red ugly thing
 10144 | D:9      | Reached skill level 7 in Ranged Weapons
 10144 | D:9      | Gained mutation: A demonic guardian rushes to your aid.
                  | [demonic ancestry]
 10144 | D:9      | Reached XP level 11. HP: 35/71 MP: 11/11
 10156 | D:10     | Entered Level 10 of the Dungeon
 10377 | D:10     | Noticed a two-headed ogre
 10382 | D:10     | Killed a two-headed ogre
 10419 | D:10     | Reached skill level 8 in Ranged Weapons
 10462 | D:10     | Found a runed translucent gate.
 10462 | D:10     | Found a runed translucent gate.
 10462 | D:10     | Found a runed translucent gate.
 10462 | D:10     | Noticed drugrobin's ghost (novice DgDe)
 10741 | D:10     | Noticed a two-headed ogre
 10753 | D:10     | Killed a two-headed ogre
 10902 | D:10     | Found a staircase to the Lair.
 11372 | D:9      | Reached skill level 9 in Ranged Weapons
 11498 | D:9      | Identified the +6 sling "Wemept" {speed, rF+ Str-2 Int+2}
 11611 | D:10     | Identified a scroll of acquirement
 11614 | D:10     | Acquired 1227 gold pieces
 11698 | D:10     | Killed drugrobin's ghost
 11706 | D:10     | Reached skill level 10 in Ranged Weapons
 11736 | D:10     | Identified the amulet of the Several Quests {RegenMP Contam
                  | +Blink Dex+3}
 11788 | D:11     | Reached **** piety under Hepliaklqana
 11886 | D:11     | Noticed Fannar
 11901 | D:11     | Killed Fannar
 11902 | D:11     | Reached skill level 11 in Ranged Weapons
 12004 | D:11     | Found a staircase to the Orcish Mines.
 12175 | D:11     | Noticed a green ugly thing
 12179 | D:11     | Killed a green ugly thing
 12467 | D:11     | Reached XP level 12. HP: 74/77 MP: 12/12
 12556 | D:12     | Reached skill level 12 in Ranged Weapons
 12580 | D:11     | Noticed a boulder beetle
 12585 | D:11     | Killed a boulder beetle
 12645 | Lair:1   | Entered Level 1 of the Lair of Beasts
 12737 | Lair:1   | Reached skill level 13 in Ranged Weapons
 12946 | Lair:1   | Found a dark tunnel.
 12959 | Volcano  | Entered a volcano
 13010 | Volcano  | Reached skill level 14 in Ranged Weapons
 13168 | Volcano  | Found a bloodstained altar of Trog.
 13799 | Lair:2   | Gained mutation: Your hexes are more powerful. [demonic
                  | ancestry]
 13799 | Lair:2   | Reached XP level 13. HP: 53/88 MP: 13/13
 14005 | Lair:2   | Found a staircase to the Shoals.
 14072 | Lair:2   | Reached ***** piety under Hepliaklqana
 14392 | Lair:2   | Found a hole to the Spider Nest.
 14606 | Lair:2   | Reached skill level 10 in Fighting
 14623 | Lair:2   | Got the Quarto of Planar Left-Handed Secrets
 14833 | Lair:3   | Noticed Nessos
 14839 | Lair:3   | Killed Nessos
 15082 | Lair:3   | Noticed Kirke
 15088 | Lair:3   | Killed Kirke
 15777 | Lair:4   | Reached skill level 1 in Spellcasting
 15777 | Lair:4   | Reached skill level 1 in Hexes
 15845 | Lair:4   | Learned a level 1 spell: Slow
 16410 | Lair:5   | Entered Level 5 of the Lair of Beasts
 17263 | Lair:5   | Reached skill level 5 in Hexes
 17292 | Lair:5   | Found a runed translucent door.
 17295 | Lair:5   | Noticed an azure jelly
 17295 | Lair:5   | Noticed an azure jelly
 17296 | Lair:5   | Found a staircase to the Slime Pits.
 17332 | Lair:5   | Gained mutation: You have a pair of large antennae on your
                  | head. (SInv) [demonic ancestry]
 17332 | Lair:5   | Reached XP level 14. HP: 99/99 MP: 21/21
 17375 | Lair:5   | Reached skill level 5 in Spellcasting
 18603 | Shoals:1 | Entered Level 1 of the Shoals
 18854 | D:9      | Bought a bloodstained chain mail for 323 gold pieces
 18854 | D:9      | Identified the +0 chain mail of Hangman {rF+} (You bought
                  | it in a shop on level 9 of the Dungeon)
 18854 | D:9      | Bought a silver wand for 136 gold pieces
 19522 | Shoals:1 | Learned a level 2 spell: Ensorcelled Hibernation
 19526 | Shoals:1 | Learned a level 3 spell: Portal Projectile
 19612 | Shoals:1 | Reached ****** piety under Hepliaklqana
 20184 | Shoals:2 | Gained mutation: Spells you cast may paralyse nearby
                  | enemies. [demonic ancestry]
 20184 | Shoals:2 | Reached XP level 15. HP: 103/103 MP: 25/25
 20200 | Shoals:2 | Reached skill level 10 in Evocations
 20294 | Shoals:2 | Found a runed translucent door.
 20988 | Shoals:2 | Found a corrupted altar of Lugonu.
 20988 | Shoals:2 | Found a one-way gate to the infinite horrors of the Abyss.
 22312 | Shoals:3 | HP: 4/103 [harpy (7)]
 22312 | Shoals:3 | Demolished by a snapping turtle

Illustrated notes

Levels and vault maps discovered:
D:1:      amcnicky_arrival_gap_in_the_tavern_cellar, layout_loops_ring,
          dreamdust_ecumenical_altar_drowned_temple
D:2:      layout_rooms, minmay_misc_feat_roman
D:3:      layout_loops_corners, serial_shops, shop, kennysheep_big_empty_room,
          item_on_display_a, uniq_jessica
D:4:      layout_layer_cave, mainiacjoe_overflow_catwalk,
          mainiacjoe_overflow_catch_the_wave, portal_sewer_entry_d,
          serial_shops, nicolae_shop_advertising_works
          [nicolae_subvault_shop_adworks], nicolae_shop_stone,
          nicolae_shop_waterfront, serial_bayou_pond_a
D:5:      layout_loops_cross, minmay_temple_entry_nine_rooms
D:6:      layout_gridville, mainiacjoe_overflow_brackets, roderic_lattice_a,
          hangedman_decor_opposing
D:7:      layout_rooms, chequers_temple_overflow_statue_of_worship,
          minmay_hollow_rounded_squares
D:8:      layout_layer_cave, uniq_erica
D:9:      layout_cave_pods, serial_shops, shop, serial_undead, serial_undead_f,
          serial_undead_e, serial_undead_f, serial_undead_d, serial_undead_b
D:10:     layout_loops_ring, lair_entry_dummy, gammafunk_ghost_necromancy,
          palyth_stone_intersect, kennysheep_small_square
D:11:     layout_small_grid, orc_0_dummy, uniq_fannar
D:12:     minmay_chambers_of_sixes, layout_cave_pools, gammafunk_ghost_grave,
          serial_shops, nicolae_stop_n_shop_1, st_stairs_11
Lair:1:   layout_roguey, nicolae_volcano_entry_hallway, special_room
          [special_room_bee], chequers_serial_rivers_marsh
Lair:2:   layout_hall_layers, minmay_shoals_entry_beasts,
          hellmonk_spider_entry_not_the_bees, beast_lair_carwin_9
Lair:3:   layout_gridlike, uniq_nessos, uniq_kirke
Lair:4:   pond_and_an_island_with_a_cottage, layout_gridlike, serial_rivers,
          chequers_serial_rivers_micro_b, chequers_serial_rivers_small_b,
          chequers_serial_rivers_micro_b, chequers_serial_rivers_large_a,
          chequers_serial_rivers_small_b
Lair:5:   minmay_lair_end_enchanted_forest, layout_cellular_growth,
          slime_entry_2, wad_woods_road_06, nicolae_quartered_pool_little,
          serial_bayou_shore_a, grunt_megastairs_3, infiniplex_staircase_pool_2
Shoals:1: layout_shoals
Shoals:2: layout_shoals, nicolae_shoals_abyss_on_the_beach
Shoals:3: layout_shoals, ebering_ghost_rock_garden

Skill      XL: |  1  2  3  4  5  6  7  8  9 10 11 12 13 14 15 |
---------------+----------------------------------------------+-----
Stealth        | 1 2 3 |  3.0
Fighting       | 4 5 7 10 | 10.0
Armour         | 1 4 6 |  6.0
Short Blades   | 3 4 6 |  6.0
Dodging        | 4 6 7 |  7.7
Evocations     | 5 9 11 | 11.5
Ranged Weapons | 5 7 11 14 | 14.0
Long Blades    | 1 6 |  6.9
Spellcasting   | 4 7 |  7.1
Hexes          | 5 7 |  7.8
Throwing       | |  1.7

Action                   |  1- 3 |  4- 6 |  7- 9 | 10-12 | 13-15 || total
-------------------------+-------+-------+-------+-------+-------++-------
Melee: Rapier            |   140 |    61 |   139 |       |       ||   340
       Short sword       |       |   277 |    67 |       |       ||   344
       Punch             |       |     5 |     5 |       |       ||    10
 Fire: Longbow           |       |       |     5 |   491 |   782 ||  1278
Throw: Throwing net      |       |     5 |       |       |       ||     5
       Dart              |       |     6 |       |       |       ||     6
 Cast: Slow              |       |       |       |       |     6 ||     6
       Portal Projectile |       |       |       |       |    12 ||    12
       Ensorcelled Hiber |       |       |       |       |     2 ||     2
Invok: Ancestor Life: Ba |       |       |     1 |       |       ||     1
       Recall Ancestor   |       |       |     1 |       |       ||     1
       Ancestor Identity |       |       |       |     1 |       ||     1
Evoke: Wand              |       |       |     1 |     1 |       ||     2
  Use: Scroll            |     5 |     7 |     7 |     9 |     4 ||    32
       Potion            |       |       |     8 |     3 |     3 ||    14
 Stab: Sleeping          |     4 |    12 |     1 |       |       ||    17
       Held in net/web   |       |     2 |       |       |       ||     2
       Distracted        |       |       |     2 |       |       ||     2
       Invisible         |       |       |     3 |       |       ||     3
Armor: Leather armour    |    42 |   108 |    28 |       |       ||   178
       Chain mail        |       |       |    41 |    48 |       ||    89
       Troll leather arm |       |       |       |    23 |    86 ||   109
Dodge: Dodged            |   106 |   213 |   149 |   283 |   331 ||  1082

Table legend: (Time is in decaauts)
 A = Elapsed time spent in this place.
 B = Non-inter-level travel time spent in this place.
 C = Inter-level travel time spent in this place.
 D = Time resting spent in this place.
 E = Time spent auto-exploring this place.
 F = Levels seen in this place.
 G = Mean time per level.
                   A        B        C        D        E       F      G
               +--------+--------+--------+--------+--------+-----+--------+
         Total |  22773 |  21515 |   1258 |   5094 |  12209 |  22 | 1035.1 |
       Dungeon |  12464 |  11828 |    636 |   2160 |   7425 |  12 | 1038.7 |
          Lair |   6192 |   5853 |    339 |   1510 |   3142 |   5 | 1238.4 |
        Shoals |   3348 |   3066 |    282 |   1404 |   1187 |   3 | 1116.0 |
         Sewer |    518 |    518 |      0 |      0 |    338 |   1 |  518.0 |
       Volcano |    248 |    248 |      0 |     20 |    116 |   1 |  248.0 |
               +--------+--------+--------+--------+--------+-----+--------+

Top non-repeatable levels by time:
Shoals:2: 2242 daAuts
     D:7: 1527 daAuts
  Lair:5: 1524 daAuts
  Lair:2: 1421 daAuts
  Lair:4: 1414 daAuts
    D:10: 1412 daAuts
     D:6: 1390 daAuts
     D:9: 1346 daAuts
     D:8: 1274 daAuts
     D:5: 1234 daAuts
     D:4: 1147 daAuts
Shoals:1: 1069 daAuts
  Lair:1: 950 daAuts
     D:3: 895 daAuts
  Lair:3: 881 daAuts
